 Dungeon Crawl Stone Soup version 0.31.0-11-ge490571c62 (webtiles) character file.

Game seed: 17235170099626610165

54 qw the Shooter (level 3, 0/20 HPs)
             Began as a Deep Elf Hunter on Feb 3, 2024.
             Slain by a bullfrog (6 damage)
             ... on level 3 of the Dungeon.
             The game lasted 00:00:04 (1306 turns).

qw the Shooter (Deep Elf Hunter)                    Turns: 1306, Time: 00:00:05

Health: 0/20       AC:  5    Str: 10    XL:     3   Next: 66%
Magic:  5/5        EV: 11    Int: 13    God:
Gold:   86         SH:  0    Dex: 18    Spells: 2/2 levels left

rFire   . . .        a - +0 shortbow (drain)
rCold   . . .        (shield currently unavailable)
rNeg    . . .        j - +0 ring mail
rPois   .            (no helmet)
rElec   .            (no cloak)
rCorr   .            (no gloves)
SInv    .            (no boots)
Will    .....        (no amulet)
Stlth   +            (no ring)
HPRegen 0.23/turn    (no ring)
MPRegen 0.09/turn

%: no passive effects
@: no status effects
A: no striking features
a: no special abilities


You were on level 3 of the Dungeon.
You visited 1 branch of the dungeon, and saw 3 of its levels.

You collected 86 gold pieces.


   Skills:
 - Level 1.5 Fighting
 + Level 7.2 Ranged Weapons
 - Level 2.4 Dodging
 - Level 1.2 Stealth


You had 2 spell levels left.
You didn't know any spells.
Your spell library was empty.

Inventory:

Hand Weapons
 a - a +0 shortbow of draining (weapon)
Armour
 j - a +0 ring mail (worn)
Wands
 m - a wand of iceblast (7)
Scrolls
 g - a scroll of teleportation
Potions
 d - 2 potions of curing
 f - a potion of heal wounds
 i - a potion of mutation {unknown}
 k - a potion of might {unknown}
 l - a potion of lignification {unknown}

Dungeon Overview and Level Annotations

Branches:
Dungeon (3/15)

Altars:


Message History

The ball python closely misses you.
You shoot an arrow. The arrow barely misses the bullfrog.
The bullfrog misses you. The ball python closely misses you.
The ball python misses you. The bullfrog hits you.
You shoot an arrow. The arrow hits the bullfrog.
The bullfrog is lightly wounded.
The bullfrog barely misses you.
The ball python bites you but does no damage.
The ball python grabs you. The ball python constricts you.
A rat comes into view.
The bullfrog completely misses you. The ball python bites you.
The ball python constricts you.
The rat moves out of view.
You shoot an arrow. The arrow hits the ball python.
You kill the ball python!
The bullfrog hits you but does no damage.
The bullfrog misses you.
You shoot an arrow. The arrow hits the bullfrog.
The bullfrog is lightly wounded.
The bullfrog hits you.
You shoot an arrow. The arrow hits the bullfrog!
The bullfrog is heavily wounded.
The bullfrog hits you.
The bullfrog hits you but does no damage.
You shoot an arrow. The arrow misses the bullfrog.
The bullfrog completely misses you. The bullfrog closely misses you.
You shoot an arrow. The arrow misses the bullfrog.
The bullfrog barely misses you. The bullfrog misses you.
You shoot an arrow. The arrow barely misses the bullfrog.
The bullfrog hits you but does no damage.
The bullfrog barely misses you.
You shoot an arrow. The arrow barely misses the bullfrog.
The bullfrog hits you.
You shoot an arrow.
The arrow hits the bullfrog but does no damage.
The bullfrog is heavily wounded.
The bullfrog closely misses you.
The bullfrog hits you but does no damage.
You shoot an arrow. The arrow barely misses the bullfrog.
The bullfrog hits you. x2
You die...

####.P77777...7777...#
##.7...)P..7.....#
#77.P...77...P77
#..P77.).....7
#77.....777777
7¤7.77.77.77 7
7P¤....P7P7 %7#..
#..P7......P7.P...#
P.....P.77%@F.#
7..7..7P.P.77#
7.P77P7.7.77 #7
[P...7. .7.8(. P
.7P.... .7 78.}.8 .7
....


You could see a bullfrog.

Vanquished Creatures
  An adder (D:2)
  A ribbon worm (D:2)
  An orc (D:3)
  3 bats
  2 endoplasms
  4 giant cockroaches
  2 goblins
  3 hobgoblins
  7 kobolds
  6 quokkas
  4 ball pythons
  A frilled lizard (D:2)
  3 rats
38 creatures vanquished.

Notes
Turn   | Place    | Note
-------+----------+-------------------------------------------
     0 | D:1      | qw the Deep Elf Hunter began the quest for the Orb.
     0 | D:1      | Reached XP level 1. HP: 12/12 MP: 3/3
     0 | D:1      | 0 ||| qw: Version: 0.3-a-157-g843a77d
     0 | D:1      | 0 ||| qw: Game counter: 3959
     0 | D:1      | 0 ||| qw: Melee chars always use a shield: true
     0 | D:1      | 0 ||| qw: God list: Okawaru
     0 | D:1      | 0 ||| qw: Allow faded altars: false
     0 | D:1      | 0 ||| qw: Do Orc after clearing Dungeon:15 true
     0 | D:1      | 0 ||| qw: Do second Lair branch before Depths: true
     0 | D:1      | 0 ||| qw: Lair rune preference: random
     0 | D:1      | 0 ||| qw: Goals: Normal
     0 | D:1      | 0 ||| PLANNING D:1-11
   180 | D:1      | Reached XP level 2. HP: 16/16 MP: 4/4
   181 | D:1      | Reached skill level 6 in Ranged Weapons
   594 | D:1      | 594 ||| READING 2 scrolls labelled DIUNOA VUEM.
   599 | D:1      | 599 ||| READING 2 scrolls labelled REIRUO DINOCISCH.
   600 | D:1      | 600 ||| READING scroll labelled OBEURHA TOMIT.
   600 | D:1      | 600 ||| BRANDING +0 shortbow.
   601 | D:1      | 601 ||| DRINKING 3 fizzy coppery potions.
   602 | D:1      | 602 ||| DROPPING scroll of butterflies.
   603 | D:1      | 603 ||| DROPPING scroll of amnesia.
   684 | D:2      | Reached XP level 3. HP: 6/20 MP: 5/5
   684 | D:2      | HP: 5/20 [poisoned by an adder]
   973 | D:2      | Reached skill level 7 in Ranged Weapons
  1144 | D:2      | 1144 ||| UPGRADING to +0 ring mail.
  1154 | D:2      | 1154 ||| DROPPING +0 leather armour.
  1155 | D:2      | 1155 ||| READING 2 scrolls labelled YSIBAI ROPA.
  1155 | D:2      | 1155 ||| IDENTIFYING pink potion
  1156 | D:2      | 1156 ||| READING scroll of identify.
  1156 | D:2      | 1156 ||| IDENTIFYING red potion
  1157 | D:2      | 1157 ||| DRINKING 2 clear potions.
  1158 | D:2      | 1158 ||| DROPPING potion of ambrosia.
  1159 | D:2      | 1159 ||| DROPPING potion of brilliance.
  1292 | D:3      | Noticed a bullfrog
  1306 | D:3      | Slain by a bullfrog

Levels and vault maps discovered:
D:1:      lemuel_arrival_lava_pool, layout_loops_ring
D:2:      layout_basic
D:3:      wad_woods_tower, layout_basic, minmay_vboxes

Skill      XL: |  1  2  3 |
---------------+----------+-----
Ranged Weapons | 6 7 |  7.2
Fighting       | |  1.5
Dodging        | |  2.4
Stealth        | |  1.2

Action                     || total
---------------------------++-------
   Fire: Shortbow          ||   103
    Use: Scroll            ||     5
         Potion            ||     2
 Armour: Leather armour    ||    12
         Ring mail         ||    19
  Dodge: Dodged            ||    28

Table legend:
 A = Non-vault XP
 B = Vault XP
 C = Vault XP percentage of total XP
 D = Non-vault monster count
 E = Vault monster count
 F = Vault count percentage of total count
                 A         B        C        D         E       F
            +---------+---------+-------+---------+---------+-------
      Total |      74 |       4 |   5.1 |      36 |       2 |   5.3
            +---------+---------+-------+---------+---------+-------
        D:1 |      22 |       0 |   0.0 |      13 |       0 |   0.0
        D:2 |      44 |       0 |   0.0 |      19 |       0 |   0.0
        D:3 |       8 |       4 |  33.3 |       4 |       2 |  33.3
            +---------+---------+-------+---------+---------+-------
